[Event "Late-Titled-Tuesday-Blitz-September-12-2023"]
[Site "Chess.com"]
[Date "2023.09.12"]
[Round "11"]
[White "MathiasWomacka"]
[Black "Mops_2004"]
[Result "1/2-1/2"]
[WhiteElo "2547"]
[BlackElo "2705"]
[TimeControl "180+1"]
[EndTime "16:02:08 PDT"]
[Termination "Game drawn by repetition"]

1. e4 c6 2. d4 d5 3. Nd2 dxe4 4. Nxe4 Nf6 5. Nxf6+ exf6 6. Bc4 Bd6 7. Qe2+ Qe7 8.
Qxe7+ Kxe7 9. Ne2 Bf5 10. c3 a5 11. a4 Nd7 12. Bf4 Nb6 13. Bb3 Be6 14. Bc2 Rhe8 15. O-O-O g6 16. Bxd6+ Kxd6 17. Nf4 Nd5 18. Nd3 Bf5 19.
Rhe1 Bxd3 20. Bxd3 Nf4 21. Bf1 Rab8 22. Kc2 f5 23. g3 Nd5 24. Bg2 Nf6 25. Kd3 Ng4 26. Rxe8 Rxe8 27. Rd2 Re1 28. h3 Nf6 29. Re2 Ra1 30.
b3 Rb1 31. Kc2 Rg1 32. Bf3 g5 33. Re5 Rf1 34. Rxf5 Rxf2+ 35. Kd3 Ke6 36. g4 Rh2 37. Rxg5 Rxh3 38. Ke2 Nd5 39. Bxd5+ cxd5 40. Kd2 Rg3 41. Re5+ Kd6 42. g5 Rg2+ 43. Kd3 Rg3+ 44. Kd2 b6 45.
Rf5 Ke6 46. Rf6+ Ke7 47. Rxb6 Rxg5 48. Rh6 Rg2+ 49. Kd3 Rg3+ 50. Kd2 Rg7 51. c4 dxc4 52. bxc4 Kd7 53. c5 Rg3 54. Rxh7 Ke6 55. Rh5 f5 56. Rh6+ Kd5 57. Rd6+ Ke4 58. c6 Rg2+ 59. Kc3 Rg1 60. Kc4 Rc1+ 61. Kb5 f4 62. Kb6 f3 63. Rf6 Kxd4 64.
c7 Ke3 65. Kb7 Rb1+ 66. Ka7 Rc1 67. Kb6 Rb1+ 68. Kxa5 Rc1 69. Kb6 f2 70. Kb7 Rb1+ 71. Ka7 Rc1 72. Kb7 Rb1+ 73. Ka7 Rc1 74. Kb7 1/2-1/2

[Event "Late-Titled-Tuesday-Blitz-September-12-2023"]
[Site "Chess.com"]
[Date "2023.09.12"]
[Round "11"]
[White "jaskol95"]
[Black "kingofthenil"]
[Result "0-1"]
[WhiteElo "2553"]
[BlackElo "2794"]
[TimeControl "180+1"]
[EndTime "16:02:09 PDT"]
[Termination "kingofthenil won by checkmate"]

1. d4 d6 2. e4 Nf6 3. Nc3 Nc6 4. d5 Nb8 5. Nf3 g6 6. Bg5 Bg7 7. Qd2 h6 8. Be3 c6 9. O-O-O Qa5 10. Kb1 Bg4 11.
Bc4 Nbd7 12. Bb3 Nc5 13. Bxc5 Qxc5 14. e5 dxe5 15. dxc6 bxc6 16. Rhe1 Bxf3 17. gxf3 O-O 18. f4 Nd5 19. Nxd5 cxd5 20. fxe5 e6 21. f4 a5 22. c3 a4 23. Bc2 a3 24. b3 Rfc8 25.
Re3 Ra7 26. Rg1 Rac7 27. f5 exf5 28. e6 d4 29. exf7+ Kxf7 30. Reg3 dxc3 31. Qg2 g5 32. h4 Re7 33. hxg5 Rce8 34. Qh1 Qf2 35. Qd5+ Kf8 36. Qxf5+ Qxf5 37. Bxf5 Re1+ 38. Rxe1 Rxe1+ 39. Kc2 Re2+ 40. Kd3 Rxa2 41. gxh6 Rd2+ 42. Kc4 Bxh6 43. Rxc3 a2 44. Rc1 Bg7 45. b4 Bb2 46. Re1 a1=Q 47. Rxa1 Bxa1 48. b5 Bd4 49. Kd5 Ke7 50. Kc6 Rf2 51. Be4 Rf6+ 52.
Kc7 Bb6+ 53. Kb7 Kd8 54. Bc6 Bc5 55. Kb8 Rf7 56. Ka8 Ra7+ 57. Kb8 Ra5 58. Kb7 Ra3 59. Kb8 Rb3 60. Kb7 Ke7 61. Kc7 Rc3 62. Kb7 Kd6 63. Kc8 Bb6 64. Kb7 Kc5 65. Ka6 Re3 66. Kb7 Re7+ 67. Kb8 Kd6 68. Kc8 Rc7+ 69. Kb8 Ba7+ 70. Ka8 Be3 71. Kb8 Bf4 72. Ka8 Kc5 73. Kb8 Kb6 74. Bb7 Rxb7+ 75. Ka8 Rb8# 0-1

[Event "Late-Titled-Tuesday-Blitz-September-12-2023"]
[Site "Chess.com"]
[Date "2023.09.12"]
[Round "11"]
[White "GoltsevDmitry2000"]
[Black "Bauman_Guy"]
[Result "1/2-1/2"]
[WhiteElo "2648"]
[BlackElo "2892"]
[TimeControl "180+1"]
[EndTime "16:02:30 PDT"]
[Termination "Game drawn - insufficient material"]

1. e4 c5 2. Nf3 d6 3. b3 Nf6 4.
d3 g6 5. Bb2 Bg7 6. Nbd2 O-O 7.
Be2 b5 8. O-O Bb7 9. a4 b4 10.
Nc4 Nbd7 11. e5 dxe5 12. Nfxe5 Nxe5 13. Bxe5 Nd5 14. Bxg7 Kxg7 15. Bf3 Nc3 16. Bxb7 Nxd1 17. Raxd1 Rb8 18. Bf3 e6 19. a5 Qf6 20. a6 Rfd8 21. Rfe1 Rd4 22. Ne5 Rb6 23. Bb7 Rdd6 24. Ra1 Qd8 25. Nc4 Qc7 26. g3 h5 27. h4 Rd4 28. Bf3 Rb8 29. Re3 Rh8 30. Ne5 g5 31. hxg5 h4 32. g4 h3 33. Kh1 Rf4 34. Rae1 Qb6 35.
Kh2 Qxa6 36. Kg3 Rd4 37. Be4 h2 38. Rh1 Qa2 39. Re2 Qb2 40. f4 a5 41. f5 a4 42. f6+ Kg8 43. g6 fxg6 44. Bxg6 Rd5 45. f7+ Kg7 46. Kf4 Rxe5 47. Rxe5 Kxg6 48. Rxh2 Rf8 49. Rxe6+ Kxf7 50. Rhh6 Kg7+ 51. Kg5 Qc1+ 52. Kh5 Qh1+ 53. Kg5 Qc1+ 54. Kh5 Qf4 55. Reg6+ Kf7 56. Rh7+ Ke8 57. Ra6 Qh2+ 58. Kg6 Qxh7+ 59. Kxh7 axb3 60. cxb3 Rf3 61. Rd6 Ke7 62. Rd5 Ke6 63. Rxc5 Rxd3 64. g5 Rh3+ 65. Kg8 Rxb3 66. g6 Rg3 67. g7 b3 68. Rb5 Kd6 69. Kf7 Rf3+ 70. Kg6 Rg3+ 71. Kh7 Rh3+ 72. Kg8 Rg3 73. Kf8 Rf3+ 74. Ke8 Re3+ 75.
Kd8 Rg3 76. Rb7 b2 77. Rxb2 Rxg7 78. Kc8 Kc6 79. Kb8 Rg8+ 80. Ka7 Rg3 81. Rc2+ Kb5 82. Rb2+ Kc4 83. Rc2+ Rc3 84. Rxc3+ Kxc3 1/2-1/2

[Event "Late-Titled-Tuesday-Blitz-September-12-2023"]
[Site "Chess.com"]
[Date "2023.09.12"]
[Round "11"]
[White "artin10862"]
[Black "Msb2"]
[Result "1/2-1/2"]
[WhiteElo "2980"]
[BlackElo "3088"]
[TimeControl "180+1"]
[EndTime "16:02:39 PDT"]
[Termination "Game drawn - insufficient material"]

1. Nf3 d5 2. d4 e6 3. c4 Nf6 4.
Nc3 Bb4 5. cxd5 exd5 6. Bg5 h6 7. Bh4 O-O 8. e3 Bf5 9. Nd2 Nbd7 10. Nxd5 Ba5 11. b4 Bb6 12. Nxb6 axb6 13. Be2 Qe7 14. a3 c5 15. dxc5 bxc5 16. b5 Ne5 17. O-O Rfd8 18. Qc1 Ra4 19. Bg3 Bd3 20. Bxd3 Nxd3 21. Qc2 Raa8 22.
Nc4 Ne4 23. Rfd1 Nxg3 24. Rxd3 Rxd3 25. Qxd3 Rd8 26. Qc2 Ne4 27. a4 Qf6 28. Rc1 Nd6 29. Nxd6 Qxd6 30. h3 b6 31. Qc4 Qd2 32. Rc2 Qd1+ 33.
Kh2 Qd6+ 34. g3 Qd1 35. Qe2 Qxe2 36. Rxe2 Ra8 37. Ra2 c4 38. Kg2 c3 39. Kf3 Rc8 40. Rc2 Rc4 41. Ke2 Rxa4 42. Rxc3 Rb4 43. Rc8+ Kh7 44. Rc7 f6 45. Rb7 Rxb5 46. Kf3 Rb3 47. h4 h5 48. g4 hxg4+ 49. Kxg4 b5 50. f4 b4 51. Kf5 Rb1 52. e4 b3 53. e5 fxe5 54. fxe5 b2 55. Ke6 Kg6 56. Rb4 Kh5 57. Ke7 Re1 58. Rxb2 Rxe5+ 59. Kf7 g6 60. Rh2 Ra5 61.
Kg7 Ra7+ 62. Kf6 Ra6+ 63. Kf7 Rc6 64. Rg2 Rc7+ 65. Kf6 Rc6+ 66. Kf7 Ra6 67. Rg5+ Kh6 68. Rg4 Ra7+ 69. Kf6 Ra6+ 70. Kf7 Rb6 71. Rd4 Rb7+ 72. Kf6 Rb1 73. Kf7 Rf1+ 74. Kg8 Rf5 75. Rd7 Kh5 76.
Rh7+ Kg4 77. Kg7 Rh5 78. Rh6 Rxh4 79. Rxg6+ Kh3 80. Rf6 Rg4+ 81. Kf7 Rh4 82. Rg6 Rg4 83. Re6 Rh4 84. Ke7 Rf4 85. Rf6 Rxf6 86. Kxf6 1/2-1/2

[Event "Late-Titled-Tuesday-Blitz-September-12-2023"]
[Site "Chess.com"]
[Date "2023.09.12"]
[Round "11"]
[White "Hilary46"]
[Black "KNVB"]
[Result "1-0"]
[WhiteElo "2568"]
[BlackElo "2738"]
[TimeControl "180+1"]
[EndTime "16:02:42 PDT"]
[Termination "Hilary46 won by checkmate"]

1. e4 c5 2. Nf3 e6 3. d4 cxd4 4. Nxd4 Nc6 5. Nc3 Qc7 6. Be3 a6 7. Qd2 b5 8. Nxc6 Qxc6 9. f3 Bb7 10. O-O-O Rc8 11. Ne2 Nf6 12. Nd4 Qc7 13. g4 d5 14.
e5 Nd7 15. f4 Nc5 16. Bd3 Ne4 17. Bxe4 dxe4 18. Kb1 Bd5 19. Rhf1 Qc4 20. b3 Qc3 21. f5 Ba3 22. Qxc3 Rxc3 23. Bc1 Bc5 24. Ne2 Rf3 25. Nf4 Rxf1 26. Rxf1 Ke7 27. Nh5 exf5 28. gxf5 g6 29. Bg5+ Kd7 30. Nf6+ Kc6 31. Rd1 Rd8 32. Nxe4 Rd7 33.
Nxc5 Kxc5 34. Be3+ Kc6 35. f6 a5 36. Kb2 Be6 37. Re1 Rd5 38. Bf4 Rd4 39. Bg3 b4 40.
Bf2 Rd2 41. Bg3 Bf5 42. Rc1 g5 43. h4 g4 44. Bf4 Rf2 45. Bg3 Rg2 46. Be1 Kd5 47. a3 g3 48. axb4 axb4 49. Bxb4 Re2 50. Ba5 Kc6 51. Bc3 Kd5 52. Ba5 Kc6 53. Bb4 h5 54. Bc3 Kd5 55. b4 Be4 56. b5 Kc5 57. e6 Bd5 58. e7 Kxb5 59. Bd4 g2 60.
Rg1 Bc6 61. Kc3 Bd5 62. Kd3 Bc4+ 63. Kc3 Bd5 64. Rd1 Bc6 65. Rd2 Re4 66. Rf2 Rg4 67.
Rf5+ Ka6 68. Rg5 Rxg5 69. hxg5 Be8 70. Kd3 h4 71. Ke4 h3 72. Bg1 Kb5 73. Kf5 Kc6 74.
g6 Bd7+ 75. Kg5 fxg6 76. f7 Kd5 77. f8=Q h2 78. Bxh2 Ke6 79. Bg1 Kd5 80. e8=Q Kc4 81. Qxd7 Kc3 82. Qfd6 Kb2 83. Qd3 Kb1 84. Qxg6 Kb2 85.
Qg4 Kb1 86. Qxg2 Kb2 87. Qg4 Kc3 88. Q4f5 Kb2 89. Qff6+ Kc1 90. Qgf7 Kd2 91. c4 Kd3 92. c5 Kc2 93. c6 Kd3 94. c7 Ke2 95. c8=Q Kd1 96. Qc1+ Ke2 97. Qe5+ Kd3 98. Qfd5# 1-0

[Event "Late-Titled-Tuesday-Blitz-September-12-2023"]
[Site "Chess.com"]
[Date "2023.09.12"]
[Round "11"]
[White "karinachess1"]
[Black "Mikhal867"]
[Result "1/2-1/2"]
[WhiteElo "2614"]
[BlackElo "2471"]
[TimeControl "180+1"]
[EndTime "16:03:51 PDT"]
[Termination "Game drawn - insufficient material"]

1. d4 Nf6 2. c4 g6 3. g3 Bg7 4. Bg2 O-O 5. Nc3 d6 6. e4 Nbd7 7. Nf3 e5 8. O-O c6 9. h3 Qb6 10. dxe5 dxe5 11. Qc2 a5 12. Be3 Qb4 13. b3 Re8 14.
Na4 Bf8 15. a3 Qe7 16. c5 Nh5 17. b4 Bg7 18. Rfd1 Rf8 19. Qb3 Kh8 20. Rd6 f5 21. exf5 gxf5 22. Bg5 Bf6 23. Bxf6+ Ndxf6 24. Nb6 Ra6 25. Re1 e4 26. Nd4 axb4 27. axb4 Ng7 28. Nxc8 Rxc8 29.
Nc2 Rd8 30. Red1 Rda8 31. Ne3 Ra1 32. Qb2 Rxd1+ 33. Rxd1 Rd8 34. Rxd8+ Qxd8 35. Kh2 Qe7 36. Qd4 Kg8 37. Bf1 Nd7 38. Bc4+ Kf8 39. Nxf5 Qf6 40.
Qxd7 Qxf5 41. Qd8+ Ne8 42. Qd4 Nf6 43. Bf1 Nd5 44. Bg2 Nf6 45. Qe3 Qe5 46. Qh6+ Kg8 47. Qe3 Kg7 48. f3 Nh5 49. fxe4 Qf6 50. Qf3 Qg5 51. Qg4 Qxg4 52. hxg4 Nf6 53. Bf3 Nd7 54. Kg2 Ne5 55. Be2 Kf6 56. Kf2 Nf7 57. Ke3 Ke5 58.
Bc4 Ng5 59. Bd3 h6 60. b5 Ne6 61. bxc6 bxc6 62. Ba6 Nxc5 63. Bc8 Nxe4 64. Bb7 Nf6 65. Bxc6 Nxg4+ 66. Kf3 Nf6 67. Kg2 Kf5 68. Bf3 Kg5 69. Kh3 Ng8 70. Kg2 Ne7 71. Kh3 Ng6 72. Kg2 Ne5 73.
Be2 Nf7 74. Kf2 Nd6 75. Ke3 Nf5+ 76. Kf2 Nd4 77. Bd1 Ne6 78. Kg2 Nc5 79. Bc2 Ne6 80. Bb3 Nd4 81. Bc4 Nf5 82. Ba6 Ne3+ 83. Kf3 Nd5 84. Bb7 Ne7 85. Ba8 Ng6 86. Bb7 Ne5+ 87. Kg2 h5 88. Bd5 Nd3 89. Be4 Ne5 90. Bd5 Nd7 91. Bc6 Nf6 92. Bb7 Ng4 93. Ba8 Ne5 94. Bb7 Nd3 95. Ba8 Nc5 96. Bc6 Ne6 97. Ba8 Nd4 98.
Bb7 Kg4 99. Bc8+ Kg5 100. Bd7 Nc2 101. Bc6 Nd4 102. Bb7 Nf5 103. Bc8 Ne3+ 104. Kf3 Nc4 105. Ba6 Ne5+ 106. Kg2 Nf7 107. Be2 Nd6 108. Kf2 Nf5 109. Bxh5 Kxh5 110. g4+ Kxg4 1/2-1/2

[Event "Late-Titled-Tuesday-Blitz-September-12-2023"]
[Site "Chess.com"]
[Date "2023.09.12"]
[Round "11"]
[White "queen_iryna"]
[Black "HajiyevKanan"]
[Result "1/2-1/2"]
[WhiteElo "2367"]
[BlackElo "2496"]
[TimeControl "180+1"]
[EndTime "16:05:24 PDT"]
[Termination "Game drawn by stalemate"]

1. e4 c6 2. d4 d5 3. Nc3 a6 4. Nf3 Bg4 5. Be3 e6 6. h3 Bh5 7. Bd3 Nf6 8. e5 Nfd7 9. g4 Bg6 10. Ne2 c5 11. c3 Nc6 12. a3 Qb6 13. b4 cxd4 14.
cxd4 Be7 15. Nc3 Rc8 16. Na4 Qa7 17. O-O Bxd3 18. Qxd3 h5 19. Nc5 hxg4 20. hxg4 Nxc5 21. bxc5 b6 22. cxb6 Qxb6 23. Kg2 Qb5 24. Qxb5 axb5 25. Rab1 Rb8 26. Rbc1 Kd7 27. Rc3 Na5 28. Bc1 Nc4 29. Nd2 Ra8 30. Nb3 Nxa3 31. Nc5+ Bxc5 32. Rxc5 b4 33. Bxa3 bxa3 34. Ra1 Rhb8 35. Rc3 a2 36. Rc2 Rb4 37. Rcxa2 Rxa2 38. Rxa2 Rxd4 39. Ra7+ Ke8 40. Kg3 g5 41. Ra8+ Ke7 42. Rg8 Re4 43. Rxg5 d4 44. Rh5 d3 45. Rh1 Rxe5 46. Rd1 Rd5 47. Kf3 Kf6 48. Kf4 d2 49. f3 Rd8 50. Ke3 Ke5 51.
Rxd2 Ra8 52. Rb2 Ra3+ 53. Kf2 Kf4 54. Rb4+ Kg5 55. Kg3 e5 56. Rc4 f6 57. Rb4 Kg6 58.
Rc4 Rb3 59. Ra4 Rc3 60. Rb4 Rd3 61. Ra4 Kg5 62. Rb4 Kg6 63. Ra4 Kf7 64. Rb4 Ke6 65. Ra4 Kd5 66. Ra5+ Ke6 67. Ra6+ Kf7 68. Ra4 Rc3 69.
Rb4 Ra3 70. Rc4 Kg7 71. Rb4 Kh6 72. Rb6 Kg5 73. Rb4 Ra1 74. Rc4 Rg1+ 75. Kf2 Rh1 76. Kg2 Rd1 77. Kg3 Rd2 78. Rb4 f5 79. gxf5 Kxf5 80.
Ra4 Rc2 81. Rh4 Rc3 82. Re4 Rd3 83. Rg4 Rd8 84. Re4 Rh8 85. Rg4 Rh1 86. Re4 Rf1 87. Kg2 Rb1 88. Kg3 Rb2 89. Rg4 Rd2 90. Re4 Rd4 91.
Re1 Rd3 92. Re4 Rd5 93. Re1 Rd7 94. Re4 Rg7+ 95. Kf2 Rg5 96. Ra4 Rh5 97. Ke3 Rh3 98.
Rg4 Rh2 99. Re4 Ra2 100. Rg4 Ra3+ 101. Kf2 Rd3 102. Kg3 Rd4 103. Rg8 Rc4 104. Rf8+ Ke6 105. Re8+ Kd5 106. Rd8+ Ke6 107. Re8+ Kf6 108. Rf8+ Ke7 109. Rf5 Ke6 110. Rf8 Rc3 111. Re8+ Kf6 112. Rf8+ Ke7 113. Rh8 e4 114. Rh7+ Kf6 115. Rh4 Rxf3+ 116. Kg2 Ke5 117. Rh8 Kd4 118. Rd8+ Ke3 119. Ra8 Rf5 120. Ra3+ Ke2 121. Ra2+ Kd3 122. Ra3+ Kd4 123. Ra4+ Kd3 124. Ra3+ Kd2 125. Ra2+ Ke3 126. Ra3+ Kf4 127. Kf2 Rh5 128. Ke2 Rh2+ 129. Ke1 Rh1+ 130. Ke2 Rb1 131. Rc3 Rb2+ 132. Ke1 Ra2 133. Rb3 Ke5 134. Rh3 Kd4 135. Rb3 Kc4 136. Rh3 Rg2 137. Ra3 Rg1+ 138. Ke2 Rb1 139. Rh3 Rb2+ 140. Ke1 Kd4 141. Rg3 Ra2 142. Rh3 e3 143. Rh8 Ra1+ 144. Ke2 Ra2+ 145. Ke1 Ra5 146. Rd8+ Ke4 147. Re8+ Kd3 148. Rd8+ Kc3 149. Rc8+ Kd4 150. Rd8+ Ke4 151. Re8+ Kf4 152. Rf8+ Rf5 153. Rxf5+ Kxf5 154.
Ke2 Ke4 155. Ke1 Kd4 156. Ke2 Ke4 157. Ke1 Kf3 158. Kf1 Kg3 159. Ke2 Kf4 160. Ke1 Ke4 161. Ke2 Kd4 162. Ke1 Kd3 163. Kd1 Kc3 164. Ke2 Kd4 165. Ke1 Kd3 166. Kd1 e2+ 167. Ke1 Ke3 1/2-1/2